 Dungeon Crawl Stone Soup version 0.13-a0-1804-g486adc7 (webtiles) character file.

3133 Junicave the Sneak (level 9, 0/59 HPs)
             Began as a Vampire Ice Elementalist on June 24, 2013.
             Was a Follower of Sif Muna.
             Shot with a sling bullet of flame by Joseph (10 damage)
             ... on Level 7 of the Dungeon.
             The game lasted 01:32:25 (21183 turns).

Junicave the Sneak (Vampire Ice Elementalist)      Turns: 21183, Time: 01:32:25

HP   0/59        AC  5     Str  3      XL: 9   Next: 38%
MP   9/20        EV 24     Int 19      God: Sif Muna [*.....]
Gold 436         SH 11     Dex 19      Spells:  4 memorised,  6 levels left

Res.Fire  : . . .   See Invis. : +   l - melded +0,+3 orc dagger (venom)
Res.Cold  : + . .   Warding    : .   B - melded +2 orc leather armour
Life Prot.: + + .   Conserve   : .   (shield currently unavailable)
Res.Poison: +       Res.Corr.  : .   (helmet currently unavailable)
Res.Elec. : .       Clarity    : .   i - melded +0 cloak
Sust.Abil.: . .     Spirit.Shd : .   E - melded +1 pair of dwarf gloves
Res.Mut.  : .       Stasis     : +   k - melded +0 pair of boots
Res.Rott. : +       Flight     : +   r - amulet of stasis
Saprovore : . . .                    F - melded +4 ring of protection
                                     t - melded +4 ring of dexterity

@: bat-form, icy armour (expiring), regenerating slowly, flying, very quick,
somewhat resistant to hostile enchantments, very stealthy
A: bottle blood, (fangs 0), see invisible, (unbreathing)
a: Bottle Blood, End Transformation, Channel Energy, Renounce Religion


You were on level 7 of the Dungeon.
You worshipped Sif Muna.
Sif Muna was pleased with you.
You were thirsty.
You were in vampire bat-form.
You visited 2 branches of the dungeon, and saw 8 of its levels.

You collected 416 gold pieces.

Inventory:

Hand weapons
 d - a +0 blowgun
 l - a +0,+3 orcish dagger of venom (melded)
 w - the +4,+12 Glaive of Prune {chop}
   (You found it on level 6 of the Dungeon)

   It inflicts extra damage upon your enemies.
Missiles
 m - 9 poisoned needles
 C - 2 darts of frost (quivered)
 Q - a dart of flame
Armour
 i - a +0 cloak (melded)
 k - a +0 pair of boots (melded)
 B - a +2 orcish leather armour (melded)
 E - a +1 pair of dwarven gloves (melded)
 H - a +1 orcish robe
Magical devices
 n - a wand of enslavement (4)
 L - a wand of magic darts (9)
 V - a wand of disintegration (8)
Scrolls
 a - a scroll of amnesia {unknown}
 f - 2 scrolls of identify
 g - a scroll of enchant weapon III {unknown}
 q - 5 scrolls of teleportation
 v - 2 scrolls of magic mapping
 J - 2 scrolls of fear
 K - 2 scrolls of remove curse
Jewellery
 r - an amulet of stasis (around neck)
 t - a +4 ring of dexterity (melded)
 F - a +4 ring of protection (melded)
Potions
 h - a potion of curing
 j - a potion of heal wounds
 o - a potion of coagulated blood
 u - 3 potions of blood
 P - 2 potions of speed
Books
 b - a book of Frost

   Spells                             Type                      Level
   *Freeze                            Ice                          1
   *Throw Frost                       Conjuration/Ice              2
   *Ozocubu's Armour                  Charms/Ice                   3
   Throw Icicle                       Conjuration/Ice              4
   Summon Ice Beast                   Ice/Summoning                4
   *Condensation Shield               Ice                          4
 c - a book of Power

   Spells                             Type                      Level
   Iskenderun's Mystic Blast          Conjuration                  4
   Venom Bolt                         Conjuration/Poison           5
   Bolt of Magma                      Conjuration/Fire/Earth       5
   Poisonous Cloud                    Conjuration/Poison/Air       6
   Iron Shot                          Conjuration/Earth            6
   Orb of Destruction                 Conjuration                  7
 e - a book of the Warp

   Spells                             Type                      Level
   Recall                             Summoning/Translocation      3
   Control Teleport                   Charms/Translocation         4
   Phase Shift                        Translocation                5
   Warp Weapon                        Charms/Translocation         5
   Dispersal                          Translocation                6
   Controlled Blink                   Translocation                7
   Disjunction                        Translocation                8


   Skills:
 + Level 2.0 Fighting
 + Level 3.7 Short Blades
 + Level 5.2 Dodging
 * Level 7.1 Stealth
 + Level 1.7 Traps
 * Level 5.7 Unarmed Combat
 + Level 4.0 Spellcasting
 - Level 0.6 Conjurations
 * Level 3.6 Charms
 * Level 5.6 Ice Magic
 * Level 0.1 Invocations


You had 6 spell levels left.
You knew the following spells:

 Your Spells              Type           Power        Failure   Level  Hunger
a - Freeze                Ice            ####         6%          1    None
b - Throw Frost           Conj/Ice       ###...       21%         2    #......
c - Ozocubu's Armour      Chrm/Ice       ###.......   21%         3    ###....
d - Condensation Shield   Ice            ####......   32%         4    ####...


Dungeon Overview and Level Annotations

Branches:
Dungeon (7/27)             Temple (1/1) D:5             Orc (0/4) D:6

Altars:
Ashenzari
Cheibriados
Elyvilon
Kikubaaqudgha
Makhleb
Nemelex Xobeh
Okawaru
Sif Muna
Trog
Vehumet
Xom
Yredelemnul
Zin
the Shining One

Annotations
D:7 Joseph


Innate Abilities, Weirdness & Mutations

You heal slowly.
You can bottle blood from corpses.
((You have razor-sharp teeth.))*
You have supernaturally acute eyesight.
((You can survive without breathing.))*


Message History

Your uncursed orcish dagger of venom stops dripping with poison.
Your +0 cloak melds into your body.
Your +1 pair of dwarven gloves melds into your body.
Your +0 pair of boots melds into your body.
Your +2 orcish leather armour melds into your body.
Your +4 ring of dexterity melds into your body.
You feel clumsy.
Your +4 ring of protection melds into your body.
Joseph unwields an uncursed runed quarterstaff.
Joseph wields an uncursed sling of flame.
It bursts into flame!
Joseph shoots a sling bullet of flame.
The sling bullet of flame hits you!
* * * LOW HITPOINT WARNING * * *
The heat melts your icy armour and shield.
Joseph shoots a sling bullet of flame.
The sling bullet of flame hits you!
* * * LOW HITPOINT WARNING * * *
The heat melts your icy armour and shield.
You see here a sling bullet.
Joseph shoots a sling bullet of flame.
The sling bullet of flame hits you!
You die...

# #####.#####
#########.........#
#©.....##.........#
######.##.........#
.....'.##.........#
.....#.##.........#
.....#(.#.........#
.....##%(..@......#
#########......(b.#
###########


You could see Joseph.

Vanquished Creatures
  The ghost of patman the Covert, an average SpAs (D:4)
  2 ice beasts (D:6)
  2 sky beasts (D:6)
  2 phantoms (D:4)
  2 ogres
  5 orc warriors
  4 centaurs
  A giant frog (D:7)
  4 crimson imps
  A goliath beetle (D:3)
  2 hounds
  4 orc priests
  2 scorpions
  An iguana (D:5)
  4 worker ants
  7 orc wizards
  A worm zombie (D:5)
  12 adders
  An iguana skeleton (D:4)
  A worm (D:6)
  A bat skeleton (D:1)
  A giant eyeball (D:6)
  4 giant geckos
  3 oozes
  28 orcs
  9 giant cockroaches
  9 hobgoblins
  13 jackals
  4 quokkas
  A ball python (D:2)
  11 bats
  A giant cockroach zombie (D:6)
  6 giant newts
  18 goblins
  A hobgoblin skeleton (D:6)
  A jackal zombie (D:6)
  14 kobolds
  3 quokka skeletons
  16 rats
  A rat skeleton (D:4)
204 creatures vanquished.

Vanquished Creatures (others)
  3 orcs (D:6)
3 creatures vanquished.

Grand Total: 207 creatures vanquished

Notes
Turn   | Place    | Note
--------------------------------------------------------------
     0 | D:1      | Junicave, the Vampire Ice Elementalist, began the quest for the Orb.
     0 | D:1      | Reached XP level 1. HP: 13/13 MP: 4/4
   276 | D:1      | Reached skill level 1 in Unarmed Combat
   494 | D:1      | Reached XP level 2. HP: 16/19 MP: 2/5
   603 | D:1      | Learned a level 2 spell: Throw Frost
   764 | D:1      | Found a radiant altar of Vehumet.
  1153 | D:1      | Reached XP level 3. HP: 21/24 MP: 6/6
  1301 | D:2      | Reached skill level 1 in Fighting
  1325 | D:2      | Reached skill level 1 in Short Blades
  1367 | D:2      | alona39: я тут
  1367 | D:2      | Junicave: о
  1367 | D:2      | Junicave: приветик
  1367 | D:2      | alona39: приветик ещё раз
  1367 | D:2      | Junicave: я вот думаю вы там не пострадали, когда ты говоришь на маму с полки упада?
  1367 | D:2      | Junicave: упала*
  1367 | D:2      | alona39: нет
  1377 | D:2      | alona39: полка упала
  1406 | D:2      | Junicave: мм
  1406 | D:2      | alona39: на маму
  1406 | D:2      | Junicave: смотри мне тут сразу повезло: плащ, сапоги и кинжал с ядом
  1420 | D:2      | alona39: а я зацепилась за перегородку
  1423 | D:2      | alona39: вай
  1423 | D:2      | alona39: вау*
  1423 | D:2      | Junicave: понятненько
  1574 | D:2      | alona39: я боюсь спать
  1574 | D:2      | alona39: не дай бог упаду на сестру
  1574 | D:2      | alona39: она сразу умрёт
  1639 | D:2      | Junicave: надо как-то безопасно закрепить!
  2034 | D:2      | alona39: надо поскорее моим родителям ремонт заканчивать
  2149 | D:2      | alona39: и у меня будет своя комната
  2149 | D:2      | Junicave: да
  2149 | D:2      | Junicave: ураа!)
  2156 | D:2      | alona39: угу
  2165 | D:2      | Reached XP level 4. HP: 17/30 MP: 8/8
  2301 | D:2      | alona39: правда там обои розовые наклеили
  2301 | D:2      | Junicave: я знаю, каково жить без своей комнаты, я рад что тебе выдадут свою)
  2461 | D:3      | alona39: а пока что у меня нет своей комнаты
  2464 | D:3      | Reached skill level 4 in Stealth
  2518 | D:3      | Junicave: у меня тоже нет
  2824 | D:3      | Junicave: ня везет в этой игре на предметы =)
  2894 | D:3      | Reached XP level 5. HP: 35/35 MP: 9/9
  2909 | D:3      | alona39: угу^^
  2977 | D:3      | alona39: отец сказал, что выйдет в отпуск и сделает ремонт дома
  3124 | D:3      | Junicave: я попал =(
  3124 | D:3      | alona39: влип
  3124 | D:3      | alona39: БЕГИ
  3124 | D:3      | Junicave: не поможет
  3124 | D:3      | Junicave: самый задний бьет на расстоянии
  3124 | D:3      | alona39: точно
  3124 | D:3      | alona39: FUUUUUUUUUUUUUUUuuuuuuck
  3193 | D:3      | alona39: осторожней
  3231 | D:3      | Junicave: получилось
  3282 | D:3      | alona39: угу^^
  3440 | D:3      | alona39: я за тебя рада
  3545 | D:3      | Junicave: ваааа!
  3545 | D:3      | Junicave: хорошее кольцо
  3582 | D:3      | alona39: опять влип
  3585 | D:3      | Junicave: неа
  3585 | D:3      | Junicave: фиолетовые не так опасны
  3594 | D:3      | alona39: ну ладно
  3599 | D:3      | alona39: )))
  3615 | D:3      | Junicave: опять повезло
  3615 | D:3      | Junicave: роба лучше старой
  3615 | D:3      | alona39: агу^^
  6538 | D:1      | Learned a level 3 spell: Ozocubu's Armour
  6585 | D:1      | alona39: у меня в комнате солнцем пахнет^^
  7206 | D:1      | Junicave: ты сама солнце замечательное :-)
  7376 | D:1      | alona39: спасиибки^^
  7514 | D:1      | alona39: за тобой следит ещё кто-то
  8170 | D:1      | Junicave: hello!
  8270 | D:1      | Pascal76: hello
  8767 | D:2      | alona39: Осторожно
  8773 | D:2      | Junicave: ага
  8773 | D:2      | Junicave: пойду попью кровушки и потом вернусь на D:1
  8800 | D:3      | alona39: окей
  9386 | D:1      | Reached XP level 6. HP: 37/42 MP: 7/11
  9420 | D:1      | alona39: ушёл(((
 10098 | D:1      | Junicave: да
 10098 | D:1      | Junicave: ну и ладно)
 10774 | D:1      | alona39: ))))))))))
 11134 | D:1      | Junicave: хахаахх
 11134 | D:1      | Junicave: смотри
 11134 | D:1      | Junicave: это похлеще предыдущего будет
 11134 | D:1      | alona39: зомби
 11134 | D:1      | Junicave: да
 11134 | D:1      | Junicave: это зомби быка
 11134 | D:1      | alona39: угу
 11134 | D:1      | Junicave: быки для меня невероятно опасны
 11134 | D:1      | Junicave: но зомби быка немного слабее самого быка
 11134 | D:1      | Junicave: но у них есть один недостаток
 11134 | D:1      | Junicave: мне нечем их бить
 11134 | D:1      | Junicave: магия у меня холод
 11134 | D:1      | Junicave: а кинжал с ядом
 11134 | D:1      | alona39: беги от него
 11134 | D:1      | Junicave: /It is immune to poison; and very resistant to cold./ Это неуязвимо для яда и хорошо защищено от холода
 11134 | D:1      | alona39: плохо(
 11134 | D:1      | alona39: действительно нечем бить
 11338 | D:2      | Junicave: я всё-таки попробовал
 11338 | D:2      | Junicave: думаю полокинку я ему вынес
 11338 | D:2      | Junicave: но
 11338 | D:2      | Junicave: проверить некак
 11338 | D:2      | Junicave: а победить явно не победил бы
 11350 | D:3      | alona39: хех
 11469 | D:4      | Reached skill level 5 in Stealth
 11554 | D:4      | Noticed patman's ghost (average SpAs)
 11629 | D:4      | Reached skill level 1 in Charms
 12162 | D:4      | Reached XP level 7. HP: 4/47 MP: 3/14
 12247 | D:3      | alona39: ты сейчас очень сильно уязвим
 12247 | D:3      | Junicave: да
 12257 | D:3      | alona39: будь осторожней
 12263 | D:2      | HP: 1/47 [rotting (potion of mutation)]
 12264 | D:2      | alona39: и внимательней)
 12264 | D:2      | Junicave: чёрт
 12264 | D:2      | Junicave: не повезло
 12288 | D:2      | alona39: а что это?
 12500 | D:2      | Junicave: это был фонтан магической энергии
 12500 | D:2      | Junicave: он мог меня восстановить, но не сильно, т.к. когда пьёшь из него дают случайный эффект любой полезной колбочки
 12500 | D:2      | alona39: понятно
 12500 | D:2      | Junicave: но мне выпал эффект зелья мутации
 12500 | D:2      | Junicave: это нужное зелье но мне чтобы его пить нужно быть Alive (то есть напиться крови столько, что превращаюсь в живого)
 12500 | D:2      | Junicave: а я наоборот Bloodless
 12539 | D:2      | alona39: угу
 12886 | D:3      | alona39: alive вроде как живой
 12988 | D:4      | Junicave: влиииип
 12988 | D:4      | alona39: пока они спят
 12988 | D:4      | alona39: вали оттуда
 13004 | D:4      | Junicave: хех
 13004 | D:4      | alona39: ну ладно
 13004 | D:4      | Junicave: зато теперь напьюсь их крови
 13183 | D:4      | alona39: миу
 13467 | D:4      | alona39: няяяяяяяяя я музычку поставила на ноуте
 13537 | D:4      | Killed patman's ghost
 13537 | D:4      | Reached skill level 1 in Traps
 13644 | D:4      | Junicave: миии))
 13701 | D:4      | alona39: уруруруруруруррур
 13701 | D:4      | alona39:
 13739 | D:4      | alona39: ОСТОРОЖНЕЙ
 14461 | D:3      | Junicave: я мог только драться с ними
 14461 | D:3      | Junicave: из-за зеленого нельзя убежать был
 14461 | D:3      | Junicave: было*
 14461 | D:3      | alona39: агу
 15018 | D:4      | alona39: 102 Мб загрузила линукс
 15018 | D:4      | Junicave: ага
 15018 | D:4      | Junicave: 10%
 15024 | D:4      | alona39: угу
 15035 | D:5      | Entered Level 5 of the Dungeon
 15040 | D:5      | alona39: за 5 часов
 15075 | D:5      | Junicave: я нашел книгу заклинаний перемещения высоких уровней
 15122 | D:5      | alona39: крууууутооо))))
 15127 | D:5      | Found a staircase to the Ecumenical Temple.
 15189 | D:5      | Junicave: мне она практически безполезна
 15189 | D:5      | alona39: хех
 15342 | D:5      | Reached XP level 8. HP: 45/53 MP: 14/17
 15422 | D:5      | alona39: может мне временно антивирус поставить?
 15505 | D:4      | Junicave: зачем
 15543 | D:5      | Reached skill level 6 in Stealth
 15614 | D:5      | alona39: позже на всякую фигню проверю
 16248 | Temple   | Entered the Ecumenical Temple
 16496 | Temple   | Junicave: какое место хорошее для храма
 16496 | Temple   | Junicave: (ну это храм тут)
 16496 | Temple   | Junicave: лес, речка
 16512 | Temple   | alona39: красиво
 16539 | Temple   | Became a worshipper of Sif Muna the Loreminder
 16614 | D:6      | alona39: лес, речка, храм...
 16697 | D:6      | alona39: что-то мне это напоминает
 16784 | Temple   | alona39: я сейчас приду
 16785 | Temple   | alona39: кушать пора мне
 16806 | Temple   | Junicave: агу)
 16806 | Temple   | Junicave: приятного аппетита
 17375 | D:6      | Reached skill level 5 in Unarmed Combat
 18392 | D:6      | Reached XP level 9. HP: 36/59 MP: 7/19
 18947 | D:5      | Reached skill level 5 in Dodging
 18948 | D:5      | Reached skill level 5 in Ice Magic
 19000 | D:5      | Acquired Sif Muna's first power
 19420 | D:6      | Learned a level 4 spell: Condensation Shield
 20134 | D:6      | Found a staircase to the Orcish Mines.
 20824 | D:6      | alona39: я тут
 20824 | D:6      | alona39: прости что так долго
 20824 | D:6      | Junicave: ага и я тут
 20824 | D:6      | Junicave: тут было полно орков где стою
 20824 | D:6      | Junicave: всех перебил)
 20824 | D:6      | Junicave: я нашел доспехи по-лучше
 20824 | D:6      | alona39: няяяяяяяяяяя
 20824 | D:6      | Junicave: на 2 единицы лучше защищают
 20932 | D:7      | Found a shimmering altar of Xom.
 20933 | D:7      | alona39: классно
 20939 | D:7      | Junicave: монстры
 20946 | D:7      | Reached skill level 7 in Stealth
 21050 | D:7      | alona39: угу
 21050 | D:7      | alona39: а я помылась ещё
 21050 | D:7      | alona39: пока вода не остыла
 21130 | D:7      | Noticed Joseph
 21183 | D:7      | Shot with a sling bullet of flame by Joseph

Action                   |  1- 3 |  4- 6 |  7- 9 || total
-------------------------+-------+-------+-------++-------
Melee: Dagger            |    77 |   205 |   395 ||   677
       Unarmed           |     3 |       |       ||     3
Throw: Dart              |       |     4 |       ||     4
       Dagger            |       |     2 |       ||     2
 Cast: Freeze            |    13 |    11 |    49 ||    73
       Throw Frost       |     5 |    33 |    69 ||   107
       Ozocubu's Armour  |       |     5 |    30 ||    35
       Condensation Shie |       |       |     3 ||     3
 Abil: Bat Form          |       |     3 |     9 ||    12
       End Transformatio |       |     3 |     8 ||    11
       Bottle Blood      |       |     4 |    31 ||    35
Evoke: Wand              |       |       |     1 ||     1
  Use: Potion            |       |     4 |    34 ||    38
       Scroll            |       |       |    12 ||    12
 Stab: Sleeping          |     4 |    10 |    17 ||    31
